 Dungeon Crawl Stone Soup version 0.31-a0-960-g0fca184906 (webtiles) character file.

Game seed: 432453177035125543

408 porpoise the Shooter (level 7, -5/56 HPs)
             Began as a Human Hunter on Oct 24, 2023.
             Slain by an ogre
             ... wielding a +0 giant club
              (18 damage)
             ... on level 4 of the Dungeon.
             The game lasted 00:10:26 (3295 turns).

porpoise the Shooter (Human Hunter)                 Turns: 3295, Time: 00:10:26

Health: -5/56      AC:  5    Str: 11    XL:     7   Next: 13%
Magic:  7/7        EV: 12    Int:  9    God:
Gold:   1220       SH:  0    Dex: 19    Spells: 6/6 levels left

rFire   . . .        b - +2 whip (venom)
rCold   . . .        (no shield)
rNeg    . . .        c - +0 leather armour
rPois   +            (no helmet)
rElec   .            f - +1 cloak
rCorr   .            (no gloves)
SInv    .            (no boots)
Will    .....        (no amulet)
Stlth   ++           i - ring of poison resistance
HPRegen 0.29/turn    (no ring)
MPRegen 0.10/turn

%: no passive effects
@: no status effects
A: no striking features
a: no special abilities


You were on level 4 of the Dungeon.
You visited 1 branch of the dungeon, and saw 4 of its levels.
You also visited: Sewer.

You collected 1220 gold pieces.

Inventory:

Hand Weapons
 a - a +0 shortbow of freezing
 b - a +2 whip of venom (weapon)
Missiles
 u - 3 poisoned darts
 x - a throwing net
Armour
 c - a +0 leather armour (worn)
 f - a +1 cloak (worn)
Magical Staves
 m - a staff of poison
Jewellery
 i - a ring of poison resistance (left hand)
Wands
 v - a wand of mindburst (6)
Scrolls
 d - a scroll of immolation {unknown}
 e - 4 scrolls of vulnerability
 h - a scroll of blinking {unknown}
 j - a scroll of noise
 k - a scroll of butterflies
 o - a scroll of fog
 q - a scroll of summoning {unknown}
 r - a scroll of poison
 s - a scroll of teleportation
Potions
 g - a potion of ambrosia
 l - a potion of haste
 n - a potion of enlightenment
 p - a potion of attraction
 t - a potion of mutation {unknown}
 w - 2 potions of lignification


   Skills:
 + Level 5.2 Fighting
 + Level 6.3 Ranged Weapons
 - Level 2.0 Dodging
 - Level 1.0 Stealth


You had 6 spell levels left.
You didn't know any spells.
Your spell library contained the following spells:

 Spells                   Type           Power      Damage    Failure   Level
 Sublimation of Blood     Necr           0%         N/A       63%         2
 Wereblood                Tmut           0%         N/A       63%         2
 Stone Arrow              Conj/Erth      0%         3d7       85%         3
 Animate Armour           Summ/Erth      0%         N/A       99%         4
 Summon Hydra             Summ           0%         N/A       100%        7
 Lehudib's Crystal Spear  Conj/Erth      0%         10d2      100%        8


Dungeon Overview and Level Annotations

Branches:
Dungeon (4/15)              Sewer (visited)
 Temple: D:4-7

Altars:
Elyvilon
Nemelex Xobeh
Yredelemnul
The Shining One


Message History

A gnoll comes into view. It is wielding a +0 club.
Things that are here:
a +0 whip; a throwing net; a gnoll corpse You shoot an arrow.
The arrow barely misses the gnoll.
The gnoll shouts!
You shoot an arrow. The arrow hits the gnoll.
The arrow freezes the gnoll.
The gnoll is heavily wounded.
You shoot an arrow.
The arrow hits the gnoll but does no damage.
The gnoll is heavily wounded.
The gnoll closely misses you.
You shoot an arrow. The arrow barely misses the gnoll.
An ogre comes into view. It is wielding a +0 giant club.
The gnoll hits you from afar with a +0 halberd!
Your +0 shortbow of freezing stops glowing.
Your +2 whip of venom begins to drip with poison!
b - a +2 whip of venom (weapon)
You completely miss the gnoll. The gnoll misses you.
The ogre attacks as it pursues you!
The ogre hits you with a +0 giant club!!
The gnoll misses you. The gnoll hits you with a +0 halberd.
You closely miss the gnoll.
The gnoll is heavily wounded.
The gnoll hits you with a +0 halberd! The gnoll closely misses you.
The ogre barely misses you.
You hit the gnoll but do no damage.
The gnoll is poisoned.
The gnoll is heavily wounded.
The gnoll hits you with a +0 halberd!
* * * LOW HITPOINT WARNING * * *
The gnoll hits you with a +0 club.
* * * LOW HITPOINT WARNING * * *
The gnoll barely misses you.
You hit the gnoll.
The gnoll looks as sick as possible!
The gnoll is almost dead.
You kill the gnoll!
The ogre misses you.
You hit the ogre.
The ogre is poisoned.
The ogre is lightly wounded.
The ogre hits you with a +0 giant club!!
You die...

##..##........####
#....
#........#....#
.......
#)............###
........
#...#..#........#
.......#
#....##.........#
#######
#....##.........#
#...#..#........#
#.....(..)Og....#
#.....##.##@....#
##....##.##.....#
##.....#....##.#
#...## ##..# ..
#$..# #... .#
#.... ..... ##..
#..## #..#


You could see an ogre (very poisoned) and a gnoll.

Vanquished Creatures
  A water moccasin (D:3)
  A scorpion (D:4)
  An iguana (D:4)
  5 gnolls (D:4)
  8 adders
  2 worms
  3 dart slugs
  2 orcs (D:4)
  8 ball pythons
  8 endoplasms
  4 giant cockroaches
  3 goblins
  9 hobgoblins
  6 jackals
  4 kobolds
  2 quokkas
  5 bats
  12 frilled lizards
  4 rats (D:1)
88 creatures vanquished.

Notes
Turn   | Place    | Note
-------+----------+-------------------------------------------
     0 | D:1      | porpoise the Human Hunter began the quest for the Orb.
     0 | D:1      | Reached XP level 1. HP: 16/16 MP: 1/1
   141 | D:1      | Reached XP level 2. HP: 22/23 MP: 2/2
   457 | D:1      | Reached XP level 3. HP: 28/28 MP: 3/3
  1303 | D:2      | Reached XP level 4. HP: 35/35 MP: 4/4
  1915 | D:3      | Noticed a water moccasin
  1930 | D:3      | Killed a water moccasin
  1930 | D:3      | HP: 1/35 [frozen (5)]
  1931 | D:3      | Reached skill level 5 in Ranged Weapons
  1931 | D:3      | Reached XP level 5. HP: 1/42 MP: 5/5
  2218 | D:3      | Reached XP level 6. HP: 48/48 MP: 6/6
  2373 | D:3      | Found a glowing golden altar of the Shining One.
  2373 | D:3      | Found a white marble altar of Elyvilon.
  2381 | D:3      | Found a faded altar of an unknown god.
  2384 | D:3      | Found a basalt altar of Yredelemnul.
  2386 | D:3      | Found a sparkling altar of Nemelex Xobeh.
  2534 | D:4      | Identified a scroll of acquirement
  2534 | D:4      | Acquired 1022 gold pieces
  2709 | D:4      | Found a glowing drain.
  2719 | Sewer    | Entered a sewer
  3100 | D:4      | Reached skill level 6 in Ranged Weapons
  3166 | D:4      | Reached skill level 5 in Fighting
  3166 | D:4      | Reached XP level 7. HP: 50/56 MP: 7/7
  3295 | D:4      | Slain by an ogre

Illustrated notes

Levels and vault maps discovered:
D:1:      mainiacjoe_arrival_oval_in_oval, layout_loops_corners,
          hangedman_decor_diamond_cutter
D:2:      layout_basic, bh_walls_and_bars
D:3:      layout_loops_ring, chequers_temple_overflow_minitemple
D:4:      layout_basic, mainiacjoe_sewer_entry_somewhere_in_here_1,
          serial_forest, infiniplex_forest_straight_2,
          infiniplex_forest_clump_tiny, infiniplex_forest_fountain,
          infiniplex_forest_fountain, infiniplex_forest_straight_2,
          infiniplex_forest_clump_diagonal, hangedman_decor_growths,
          kennysheep_generic_room_9

Skill      XL: |  1  2  3  4  5  6 |
---------------+-------------------+-----
Fighting       | 3 4 5 |  5.2
Ranged Weapons | 5 6 |  6.3
Dodging        | |  2.0
Stealth        | |  1.0

Action                     |  1- 3 |  4- 6 |  7- 9 || total
---------------------------+-------+-------+-------++-------
  Melee: Whip              |       |       |     6 ||     6
   Fire: Shortbow          |    81 |   158 |     9 ||   248
    Use: Scroll            |     2 |    15 |       ||    17
         Potion            |       |     2 |       ||     2
 Armour: Leather armour    |    23 |    36 |     7 ||    66
  Dodge: Dodged            |    18 |    45 |     8 ||    71

Table legend: (Time is in decaauts)
 A = Elapsed time spent in this place.
 B = Non-inter-level travel time spent in this place.
 C = Inter-level travel time spent in this place.
 D = Time resting spent in this place.
 E = Time spent auto-exploring this place.
 F = Levels seen in this place.
 G = Mean time per level.
                   A        B        C        D        E       F      G
               +--------+--------+--------+--------+--------+-----+--------+
         Total |   3415 |   3353 |     62 |    414 |   2077 |   5 |  683.0 |
       Dungeon |   2973 |   2911 |     62 |    314 |   2077 |   4 |  743.2 |
         Sewer |    442 |    442 |      0 |    100 |      0 |   1 |  442.0 |
               +--------+--------+--------+--------+--------+-----+--------+

Top non-repeatable levels by time:
     D:2: 882 daAuts
     D:1: 864 daAuts
     D:3: 799 daAuts
   Sewer: 442 daAuts
     D:4: 426 daAuts
